Map: Templo del pasado

Players

PeaceDuck

  • Race: Protoss Protoss
  • Spawn Location: 0:00

Jaencio

  • Race: Zerg Zerg

VOD

Have the link to the VOD?

Description

Time

  • Played on: May 20, 2025, 5:46 a.m.
  • Length: 26:31
Show
View Real Time Build Order
Export as new Build Order

PeaceDuck Protoss 

Build Orders:  

Get SALT Encoding   

  12  0:02  Probe (Chrono Boost)  
  13  0:16  Probe (Chrono Boost)  
  14  0:28  Pylon  
  14  0:31  Probe (Chrono Boost)  
  15  0:53  Probe (Chrono Boost)  
  16  1:07  Probe (Chrono Boost)  
  17  1:19  Pylon  
  17  1:20  Probe (Chrono Boost)  
  18  1:34  Probe (Chrono Boost)  
  19  1:48  Probe (Chrono Boost)  
  20  2:02  Probe (Chrono Boost)  
  20  2:06  Gateway  
  21  2:10  Nexus  
  21  2:16  Probe (Chrono Boost)  
  22  2:22  Assimilator  
  22  2:28  Assimilator  
  22  2:37  Pylon  
  22  2:39  Probe (Chrono Boost)  
  22  2:45  Assimilator  
  23  2:53  Probe (Chrono Boost)  
  24  3:07  Probe (Chrono Boost)  
  25  3:21  Probe (Chrono Boost)  
  25  3:25  Cybernetics Core  
  26  3:30  Supplicant x2  
  26  3:35  Probe (Chrono Boost)  
  31  4:27  Probe (Chrono Boost)  
  31  4:28  Probe (Chrono Boost)  
  33  4:41  Probe x2 (Chrono Boost)  
  33  4:43  Warp Gate  
  35  4:50  Death Council  
  35  4:55  Forge, Probe x2 (Chrono Boost)  
  37  5:07  Assimilator  
  37  5:08  Probe (Chrono Boost)  
  37  5:09  Probe (Chrono Boost)  
  39  5:22  Probe (Chrono Boost)  
  39  5:23  Probe (Chrono Boost)  
  39  5:29  Supplicant x2  
  45  5:36  Probe (Chrono Boost)  
  45  5:37  Probe (Chrono Boost)  
  47  5:43  Cloaking Module  
  47  5:47  Forge  
  47  5:50  Probe (Chrono Boost)  
  47  5:51  Probe (Chrono Boost)  
  47  5:52  Ascendant Archives  
  47  5:53  Pylon  
  49  6:04  Probe (Chrono Boost)  
  49  6:05  Probe (Chrono Boost)  
  51  6:13  Soul Augmentation  
  51  6:22  Probe (Chrono Boost)  
  51  6:23  Probe (Chrono Boost)  
  53  6:36  Probe (Chrono Boost)  
  53  6:37  Probe (Chrono Boost)  
  53  6:38  Protoss Air Weapons Level 1, Protoss Shields Level 1, Protoss Ground Weapons Level 1  
  55  6:50  Probe x2 (Chrono Boost)  
  53  7:43  Blood Shields  
  53  7:45  Supplicant x2  
  53  7:47  Power Overwhelming  
  57  7:52  Bloodshard Resonance  
  57  8:06  Gateway  
  57  8:10  Gateway  
  57  8:13  Pylon  
  57  8:14  Pylon  
  57  8:17  Pylon  
  57  8:18  Pylon  
  57  8:47  Chaotic Attunement  
  57  8:48  Protoss Ground Weapons Level 2, Gateway, Protoss Air Weapons Level 2  
  57  8:49  Protoss Shields Level 2  
  57  8:50  Gateway  
  57  8:56  Gateway x2  
  57  8:59  Gateway  
  57  9:00  Gateway  
  57  9:02  Pylon  
  57  9:11  Pylon x2  
  57  9:13  Pylon  
  57  9:28  Detect Weakness  
  57  9:39  Gateway  
  57  9:47  Mind Blast  
  55  10:06  Ascendant x2  
  55  10:07  Ascendant  
  61  10:12  Ascendant  
  61  10:15  Supplicant x2  
  61  10:16  Supplicant x4  
  67  10:35  Supplicant x2  
  67  10:36  Supplicant x2  
  67  11:23  Ascendant  
  67  11:24  Ascendant x2  
  67  11:25  Ascendant  
  67  11:27  Supplicant x2  
  67  11:28  Supplicant x4  
  67  11:29  Supplicant x6  
  91  11:47  Pylon  
  91  11:50  Pylon  
  91  11:54  Pylon  
  91  11:56  Pylon  
  91  12:00  Pylon  
  91  12:03  Pylon  
  91  12:07  Pylon  
  89  12:11  Pylon  
  89  12:13  Pylon  
  89  12:15  Supplicant x2  
  89  12:16  Ascendant, Supplicant x2  
  89  12:17  Ascendant, Pylon  
  101  12:20  Pylon  
  101  12:22  Pylon  
  101  12:29  Supplicant x2  
  97  12:30  Supplicant x2  
  97  12:31  Supplicant x2  
  97  13:14  Havoc x2  
  97  13:15  Havoc x2, Protoss Shields Level 3  
  97  13:16  Havoc  
  97  13:20  Supplicant x2  
  106  13:21  Supplicant x6  
  106  13:22  Supplicant x2  
  114  13:53  Protoss Air Weapons Level 3, Protoss Ground Weapons Level 3  
  104  14:36  Ascendant  
  104  14:39  Supplicant x6  
  118  14:40  Supplicant x6  
  118  14:41  Supplicant x4  
  138  15:06  Supplicant x4  
  138  15:08  Supplicant x2  
  134  15:36  Ascendant  
  134  15:37  Ascendant x2  
  138  15:40  Supplicant x2  
  138  15:41  Supplicant x4  
  138  15:42  Supplicant x2  
  138  15:45  Supplicant x2  
  136  16:31  Supplicant x4  
  136  16:32  Supplicant x4  
  136  16:33  Supplicant x2  
  136  16:34  Supplicant x2  
  136  16:37  Ascendant x2  
  136  16:38  Ascendant  
  152  17:01  Supplicant x2  
  152  17:02  Supplicant x4  
  164  17:24  Supplicant x6  
  166  17:47  Supplicant x2  
  166  17:48  Supplicant x4  
  166  17:49  Supplicant x2  
  168  18:01  Supplicant x2  
  168  18:03  Supplicant x2  
  146  18:59  Supplicant x2  
  141  19:00  Supplicant x6  
  141  19:01  Supplicant x4  
  141  19:02  Supplicant x2  
  151  19:37  Supplicant x2  
  151  19:38  Supplicant x6  
  151  19:39  Supplicant x4  
  167  19:52  Supplicant x2  
  161  20:11  Supplicant x4  
  161  20:12  Supplicant x2  
  161  20:17  Supplicant x2  
  175  20:45  Supplicant x4  
  175  20:46  Supplicant x4  
  173  21:05  Supplicant x4  
  173  21:06  Supplicant x2  
  185  21:19  Supplicant x2  
  179  21:43  Supplicant x2  
  179  21:44  Supplicant x6  
  193  21:51  Supplicant x2  
  179  22:02  Supplicant x2  
  179  22:03  Supplicant x2  
  187  22:15  Supplicant x2  
  187  22:18  Supplicant x2  
  159  23:21  Supplicant x4  
  159  23:22  Supplicant x6  
  159  23:23  Supplicant x4  
  159  23:24  Supplicant x4  
  191  23:41  Supplicant x2  
  191  23:42  Supplicant x2  
  159  24:40  Supplicant x8  
  159  24:41  Supplicant x2  
  159  24:42  Supplicant x6  
  159  24:44  Supplicant x2  
  189  25:25  Supplicant x2  
  189  25:27  Supplicant x2  
  189  25:28  Supplicant x4  
  177  26:14  Supplicant x2  
  177  26:15  Supplicant x2  
  177  26:17  Supplicant x8  
Show
View Real Time Build Order
Export as new Build Order

Jaencio Zerg 

Build Orders:  

Get SALT Encoding   

  12  0:03  Drone  
  13  0:16  Overlord  
  13  0:21  Drone  
  14  0:43  Drone  
  14  0:44  Drone x3  
  14  0:45  Drone  
  14  0:49  Drone  
  20  0:56  Drone  
  21  1:04  Overlord  
  21  1:14  Extractor x2  
  21  1:15  Drone  
  20  1:22  Drone  
  21  1:33  Drone  
  22  1:46  Drone  
  23  1:59  Spawning Tool  
  22  2:01  Drone  
  22  2:02  Drone  
  24  2:14  Drone  
  25  2:23  Drone  
  26  2:38  Zergling x4  
  28  2:43  Zergling x2  
  29  2:54  Drone  
  30  3:04  Overlord  
  30  3:13  Hatchery  
  29  4:45  Zergling  
  29  4:46  Hatchery  
  29  4:47  Extractor  
  27  5:04  Extractor  
  25  5:18  Drone  
  25  5:19  Drone x11  
  37  5:55  Drone  
  37  5:56  Drone x9  
  47  6:13  Zergling x2  
  47  6:22  Zergling x2  
  47  6:23  Zergling x2  
  49  6:33  Zergling  
  49  6:34  Zergling  
  49  6:36  Zergling  
  49  6:38  Metabolic Boost, Hardened Ergonergy Shield  
  48  6:49  Infestation Pit  
  47  6:50  Hydralisk Den  
  44  7:20  Zergling x2  
  44  7:21  Zergling x8  
  49  7:40  Overlord  
  49  7:41  Overlord x7  
  49  7:42  Overlord x7  
  49  8:15  Zergling x4  
  49  8:18  Hydralisk  
  49  8:19  Hydralisk x7  
  65  8:37  Overlord x2  
  65  8:39  Hydralisk  
  64  8:40  Hydralisk  
  68  8:51  Erudition Missile Launchers, Muscular Augments  
  68  9:01  Overseer x2, Evolution Chamber  
  68  9:03  Evolution Chamber  
  68  9:06  Drone  
  68  9:07  Drone  
  68  9:17  Zergling x2  
  68  9:18  Zergling  
  68  9:20  Zergling x2  
  68  9:26  Zergling  
  65  10:14  Zerg Melee Weapons Level 1, Zerg Ground Armor Level 1, Zerg Missile Weapons Level 1  
  65  10:16  Adrenal Glands  
  65  10:17  Hydralisk  
  65  10:23  Zergling x7  
  65  10:24  Zergling x15  
  65  10:26  Hydralisk  
  65  10:27  Hydralisk x7  
  91  10:34  Zergling  
  91  10:36  Zergling  
  91  10:39  Zergling  
  85  10:40  Zergling  
  82  10:51  Zergling  
  82  10:58  Hydralisk  
  82  10:59  Hydralisk x5  
  88  11:12  Hydralisk  
  87  11:30  Zergling  
  87  11:31  Zergling x2  
  87  11:34  Zergling x2  
  87  11:35  Zergling  
  85  11:53  Drone  
  85  11:54  Drone x9  
  85  11:55  Zergling x2  
  85  11:56  Zergling x14  
  98  12:03  Drone  
  99  12:14  Zergling  
  99  12:16  Spore Crawler, Zergling  
  99  12:19  Spore Crawler  
  97  12:20  Spore Crawler  
  97  12:21  Spore Crawler x2  
  97  12:23  Spore Crawler  
  92  12:47  Hydralisk  
  90  12:56  Zergling  
  90  12:59  Zergling  
  90  13:02  Zergling  
  90  13:04  Zergling  
  90  13:06  Zergling  
  90  13:08  Zergling  
  88  13:21  Hydralisk  
  88  13:22  Zergling  
  88  13:29  Zerg Missile Weapons Level 2, Zerg Melee Weapons Level 2  
  84  13:30  Zerg Ground Armor Level 2  
  84  13:32  Tyr-Class Targeting System  
  83  13:41  Hydralisk  
  83  13:48  Zergling  
  70  14:56  Hydralisk x4  
  70  14:57  Hydralisk x14  
  106  15:10  Zergling x2  
  106  15:12  Zergling  
  106  15:26  Zergling  
  104  16:15  Hydralisk  
  104  16:16  Hydralisk x6  
  104  16:17  Hydralisk  
  120  16:35  Zergling x2  
  120  16:36  Zergling x24  
  120  16:37  Zergling x6  
  136  16:46  Hydralisk  
  136  16:52  Zergling  
  136  16:54  Zergling x2  
  136  16:55  Zergling x8  
  136  17:36  Hydralisk  
  136  17:37  Hydralisk x11  
  136  17:38  Hydralisk  
  162  17:55  Zergling  
  162  17:56  Hydralisk  
  162  17:57  Zergling  
  162  18:03  Zergling  
  162  18:16  Pneumatized Carapace  
  162  18:18  Zerg Melee Weapons Level 3, Zerg Missile Weapons Level 3, Zerg Ground Armor Level 3  
  157  18:47  Zergling  
  157  18:48  Zergling  
  157  18:49  Zergling  
  157  18:50  Zergling  
  157  18:51  Zergling  
  157  18:52  Zergling  
  157  18:53  Zergling  
  157  18:55  Zergling  
  157  18:57  Zergling  
  157  18:59  Zergling  
  157  19:01  Hydralisk  
  157  19:02  Hydralisk x13  
  157  19:05  Overlord x3, Zergling x3  
  157  19:06  Overlord  
  174  19:43  Hydralisk  
  174  19:44  Hydralisk x11  
  198  19:50  Zergling, Hydralisk  
  198  19:54  Zergling  
  198  19:55  Zergling  
  197  20:21  Baneling Nest  
  197  20:26  Zergling  
  197  20:27  Drone x4  
  197  20:28  Drone x4  
  197  20:29  Drone x2  
  197  21:00  Hydralisk  
  197  21:13  Zergling  
  197  21:14  Zergling x2  
  196  21:57  Zergling  
  196  22:25  Hydralisk  
  196  22:28  Hydralisk  
  192  22:34  Zergling, Hydralisk  
  192  22:36  Zergling  
  192  22:38  Zergling  
  190  22:40  Zergling  
  190  22:42  Zergling  
  190  22:43  Hydralisk  
  185  23:03  Egonergy Enhanced Explosives, Anti-Centripetal Rocket Servos  
  169  23:22  Hydralisk  
  169  23:24  Hydralisk  
  169  23:25  Hydralisk  
  169  23:28  Hydralisk  
  169  23:29  Hydralisk x10  
  191  23:30  Zergling, Hydralisk x5  
  191  23:31  Zergling  
  191  23:33  Hydralisk  
  191  23:34  Zergling  
  197  23:42  Zergling, Hydralisk  
  197  23:47  Zergling  
  197  23:50  Zergling  
  197  23:54  Zergling  
  172  24:00  Overlord  
  172  24:01  Overlord  
  172  24:03  Egonergy Efficient Barrier, Spore Crawler  
  172  24:05  Overseer  
  172  24:06  Overseer x3  
  172  24:09  Spore Crawler  
  150  24:15  Spore Crawler, Zergling x2  
  150  24:16  Zergling x16  
  150  24:19  Hydralisk x5  
  167  24:20  Spore Crawler, Hydralisk x3  
  167  24:25  Spore Crawler  
  166  25:09  Spore Crawler  
  165  25:20  Spore Crawler  
  165  25:21  Spore Crawler  
Tags
 
Add a new tag
Caveats
  • Supply blocks, unpowered buildings, or Contaminate may cause inaccurate times.
  • Supply counts are checked every 10 seconds.